 Dungeon Crawl Stone Soup version 0.30-a0-358-g0d69a1922f (webtiles) character file.

Game seed: 7912684815053116117

541 flotson the Sneak (level 7, 0/55 HPs)
             Began as a Demonspawn Delver on Nov 8, 2022.
             Slain by an orc wizard
             ... wielding a +0 dagger
              (2 damage)
             ... on level 4 of the Dungeon.
             The game lasted 00:05:17 (2973 turns).

flotson the Sneak (Demonspawn Delver)               Turns: 2973, Time: 00:05:19

Health: 0/55       AC:  4    Str: 24    XL:     7   Next: 5%
Magic:  7/7        EV: 14    Int: 11    God:
Gold:   197        SH:  0    Dex: 14    Spells: 6/6 levels left

rFire   x . .      SeeInvis .    a - +0 whip (elec)
rCold   + . .      Faith    .    m - +0 kite shield
rNeg    . . .      Spirit   .    f - +0 ring mail
rPois   +          Reflect  .    s - +0 helmet
rElec   .          Harm     .    h - +0 cloak
rCorr   .          Rampage  .    l - +0 pair of gloves
Will    .....                    (no boots)
Stlth   +.........               (no amulet)
HPRegen 0.29/turn                r - +4 ring of evasion
MPRegen 0.10/turn                v - ring of the Tempest {Ice Contam *Corrode rPois Str+9}

@: confused, lethally poisoned (0 -> -6), corroded
A: demonic guardian 2, foul stench 1
a: no special abilities


You were on level 4 of the Dungeon.
You visited 1 branch of the dungeon, and saw 5 of its levels.

You collected 197 gold pieces.

Inventory:

Hand Weapons
 a - a +0 whip of electrocution (weapon)
Missiles
 k - 6 poisoned darts (quivered)
Armour
 f - a +0 ring mail (worn)
 h - a +0 cloak (worn)
 l - a +0 pair of gloves (worn)
 m - a +0 kite shield (worn)
 s - a +0 helmet (worn)
Jewellery
 r - a +4 ring of evasion (left hand)
 v - the ring of the Tempest (right hand) {Ice Contam *Corrode rPois Str+9}
   (You found it on level 2 of the Dungeon)

   [ring of ice]

   It enhances your ice magic.
   Str:       It affects your strength (+9).
   rF:        It makes you vulnerable to fire.
   rC:        It protects you from cold.
   rPois:     It protects you from poison.
   Contam:    It causes magical contamination when unequipped.
   *Corrode:  It may corrode you when you take damage.
Wands
 b - a wand of flame (40)
 g - a wand of digging (3)
Scrolls
 c - a scroll of fog
 d - 3 scrolls of magic mapping
 e - 2 scrolls of fear
 i - a scroll of teleportation {unknown}
 j - 2 scrolls of enchant armour {unknown}
 q - 3 scrolls of identify {unknown}
 t - 4 scrolls of poison {unknown}
 w - a scroll of brand weapon {unknown}
Potions
 n - a potion of mutation {unknown}
 p - 2 potions of attraction {unknown}
 u - a potion of curing {unknown}


   Skills:
 + Level 4.5 Fighting
 + Level 2.0 Axes
 + Level 2.7 Armour
 + Level 3.5 Dodging
 - Level 4.5 Stealth
 + Level 2.2 Shields
 + Level 3.1 Evocations


You had 6 spell levels left.
You didn't know any spells.
Your spell library contained the following spells:

 Spells                   Type           Power      Damage    Failure   Level
 Frozen Ramparts          Ice            0%         1d1       99%         3
 Mephitic Cloud           Conj/Pois/Air  0%         N/A       99%         3
 Ice Form                 Ice/Tmut       0%         N/A       100%        4
 Summon Ice Beast         Ice/Summ       0%         N/A       100%        4
 Freezing Cloud           Conj/Ice/Air   0%         6-21      100%        5
 Lightning Bolt           Conj/Air       0%         1d11      100%        5
 Conjure Ball Lightning   Conj/Air       0%         3x3d6     100%        6


Dungeon Overview and Level Annotations

Branches:
Dungeon (5/15)
 Temple: D:4-7

Altars:
Cheibriados

Shops:
D:1 (


Innate Abilities, Weirdness & Mutations

A demonic guardian rushes to your aid.
You may rarely emit foul miasma when damaged in melee.


Message History

You are more poisoned.
The orc wizard misses you.
The orc wizard hits you with a +0 dagger.
The dart slug launches a dart at you. The slug dart misses you.
The orc wizard attacks as you move away!
The orc wizard hits you with a +0 dagger.
* * * LOW HITPOINT WARNING * * *
You feel very sick.
The gnoll sergeant blocks your ice devil's attack.
The gnoll sergeant closely misses you.
The orc wizard hits you with a +0 dagger.
* * * LOW HITPOINT WARNING * * *
You see here 3 gold pieces.
* * * LOW HITPOINT WARNING * * *
You feel very sick.
Your ice devil hits the gnoll sergeant!
Your ice devil freezes the gnoll sergeant!
The dart slug launches a dart at you. The slug dart misses you.
The gnoll sergeant closely misses your ice devil.
The orc wizard casts a spell at you. You resist with some effort.
There is a stone staircase leading up, spattered with blood here.
* * * LOW HITPOINT WARNING * * *
You feel very sick.
Your ice devil hits the gnoll sergeant!
The gnoll sergeant dies!
The orc wizard hits you but does no damage.
The orc wizard barely misses you.
Your Axes skill increases to level 2!
You have reached level 7!
In your confused state, you trip and fall back down the stairs.
* * * LOW HITPOINT WARNING * * *
Your corrosive artefact corrodes you!
* * * LOW HITPOINT WARNING * * *
You feel sick.
Your ice devil barely misses the orc wizard.
The orc wizard hits you with a +0 dagger.
You die...

+........###....
#.......(.......
#...............
#............[..
#.............##
................
................
#..@w.......
#.oo........
#..4........
....).###.....
#8.8#.... .....
##.##.#... ..!.
... .###### ...
... .. ... ..
...


You could see 2 orc wizards, a dart slug and a friendly ice devil (summoned).

Vanquished Creatures
  Sigmund (D:3)
  An ogre (D:3)
  A scorpion (D:3)
  A hound (D:5)
  Robin (D:2)
  7 gnolls
  An adder (D:3)
  3 orcs (D:3)
  4 ball pythons
  6 bats
  5 endoplasms
  A giant cockroach (D:1)
  8 hobgoblins
  3 quokkas
  4 frilled lizards
  12 goblins
  6 kobolds
  4 rats
69 creatures vanquished.

Vanquished Creatures (collateral kills)
  A gnoll sergeant (D:4)
  A dart slug (D:1)
  A ball python (D:4)
3 creatures vanquished.

Grand Total: 72 creatures vanquished

Notes
Turn   | Place    | Note
-------+----------+-------------------------------------------
     0 | D:5      | flotson the Demonspawn Delver began the quest for the Orb.
     0 | D:5      | Reached XP level 1. HP: 18/18 MP: 1/1
     9 | D:5      | Noticed an ice beast
    20 | D:5      | Noticed a hound
    33 | D:5      | Killed a hound
    34 | D:5      | Reached skill level 1 in Armour
    34 | D:5      | Reached skill level 1 in Evocations
    34 | D:5      | Gained mutation: You may rarely emit foul miasma when
                  | damaged in melee. [demonic ancestry]
    34 | D:5      | Reached XP level 2. HP: 15/24 MP: 2/2
    34 | D:5      | Gained mutation: A weak demonic guardian rushes to your
                  | aid. [demonic ancestry]
    34 | D:5      | Reached XP level 3. HP: 18/29 MP: 3/3
   466 | D:1      | Found Maotof's Weapon Boutique.
   794 | D:1      | Got the Vellum of the Brume and the Snake
  1272 | D:2      | Reached XP level 4. HP: 34/35 MP: 4/4
  1280 | D:2      | Noticed Robin
  1297 | D:2      | Killed Robin
  1693 | D:2      | Identified the ring of the Tempest {Ice Contam *Corrode
                  | rPois Str+9}
  1950 | D:3      | Noticed Sigmund
  2056 | D:3      | Found a faded altar of an unknown god.
  2222 | D:3      | Gained mutation: A demonic guardian rushes to your aid.
                  | [demonic ancestry]
  2222 | D:3      | Reached XP level 5. HP: 37/42 MP: 5/5
  2406 | D:3      | Found a snail-covered altar of Cheibriados.
  2518 | D:3      | Killed Sigmund
  2519 | D:3      | Reached skill level 1 in Shields
  2519 | D:3      | Reached XP level 6. HP: 48/48 MP: 6/6
  2973 | D:4      | Reached XP level 7. HP: 5/55 MP: 7/7
  2973 | D:4      | HP: 2/55 [poisoned by a gnoll sergeant]
  2973 | D:4      | Slain by an orc wizard

Illustrated notes

Levels and vault maps discovered:
D:1:      dpeg_arrival_arbitrary_c, layout_basic, serial_shops,
          nicolae_shop_waterfront, nicolae_figureground_pulse
D:2:      layout_rooms, basic_altar, uniq_robin
D:3:      minmay_angry_zag, layout_basic, mainiacjoe_overflow_boulevard,
          dreamdust_ecumenical_altar_angels_and_demons, uniq_sigmund
D:4:      layout_basic, dk_vineyard_3, small_statue_intersection,
          kennysheep_generic_room_10
D:5:      layout_basic, mainiacjoe_overflow_cross_hatched, serial_curves,
          eino_curves_01, eino_curves_04, hex_tiny, dk_noncrumbling_3,
          uniq_duvessa, uniq_menkaure, uniq_blork_the_orc

Skill      XL: |  1  2  3  4  5  6 |
---------------+-------------------+-----
Armour         | 1 2 |  2.7
Dodging        | 2 3 |  3.5
Evocations     | 1 2 3 |  3.1
Fighting       | 4 |  4.5
Shields        | 1 2 |  2.2
Axes           | 2 |  2.0
Stealth        | |  4.5

Action                   |  1- 3 |  4- 6 |  7- 9 || total
-------------------------+-------+-------+-------++-------
Melee: Hand axe          |    85 |       |       ||    85
       Punch             |     2 |       |       ||     2
       Short sword       |    19 |   105 |       ||   124
       Whip              |       |    19 |       ||    19
  Use: Potion            |     1 |       |       ||     1
 Stab: Sleeping          |     7 |     3 |       ||    10
Armor: Leather armour    |     2 |       |       ||     2
       Ring mail         |    47 |    43 |       ||    90
Dodge: Dodged            |    54 |    77 |       ||   131
Block: Kite shield       |    17 |    59 |       ||    76

Table legend: (Time is in decaauts)
 A = Elapsed time spent in this place.
 B = Non-inter-level travel time spent in this place.
 C = Inter-level travel time spent in this place.
 D = Time resting spent in this place.
 E = Time spent auto-exploring this place.
 F = Levels seen in this place.
 G = Mean time per level.
                   A        B        C        D        E       F      G
               +--------+--------+--------+--------+--------+-----+--------+
         Total |   3011 |   2891 |    120 |    190 |   2046 |   5 |  602.2 |
       Dungeon |   3011 |   2891 |    120 |    190 |   2046 |   5 |  602.2 |
               +--------+--------+--------+--------+--------+-----+--------+

Top non-repeatable levels by time:
     D:3: 1222 daAuts
     D:1: 858 daAuts
     D:2: 796 daAuts
     D:4: 71 daAuts
     D:5: 62 daAuts
